AoeStats
← ojitos007

Arena

510248045Analyzed
2v2 RM · 8h ago on Sep 30, 2026· 52m 51s· 4 players
Game mode
Random Map
Map size
Medium (4 player)
Population
200
Speed
Normal
Resources
Standard
Victory
Conquest
Starting age
Dark Age
Ending age
Imperial Age
RankedLock teamsTeams togetherTeam positionsShared explorationLock speedFull tech treeHidden civsTurbo modeCheats
Victory
Defeat
🇹🇷 Maya · Türkiye
1271
+18
🇲🇽 Varangians · Mexico
1226
+20
🇺🇸 Britons · United States
1354
-20
🇺🇸 Saracens · United States
1282
-18
ojitos007
11:44 Feudal Age
13:27 Double-Bit Axe
16:00 Castle Age
13:46 Loom
14:21 Horse Collar
17:06 Heavy Plow
17:19 Bow Saw
20:36 Wheelbarrow
20:18 Town Watch
24:07 Hand Cart
29:24 Imperial Age
28:08 Scale Mail Armor
29:14 Gold Mining
29:50 Squires
29:40 Gambesons
30:32 Conscription
30:30 Chain Mail Armor
31:04 Crop Rotation
31:39 Two-Man Saw
32:11 Plate Mail Armor
31:52 Forging
31:44 Elite Varangian Guard
36:01 Iron Casting
35:38 Arson
39:52 Blast Furnace
38:14 Capped Ram
39:08 Siege Ram
47:24 Stone Mining
52:29 Town Patrol
Nidhogg
0:26 Loom
10:11 Feudal Age
13:45 Castle Age
12:20 Double-Bit Axe
12:17 Horse Collar
14:58 Bow Saw
22:45 Wheelbarrow
27:24 Gold Mining
27:28 Stone Mining
28:42 Hand Cart
31:34 Imperial Age
29:29 Fletching
29:57 Heavy Plow
30:27 Thumb Ring
30:13 Crossbowman
31:22 Ballistics
32:05 Elite Plumed Archer
34:11 Chemistry
32:50 Arbalester
33:40 Bodkin Arrow
35:15 Bracer
35:20 Padded Archer Armor
40:39 Elite Skirmisher
41:58 Eagle Warrior
42:40 Squires
43:29 Elite Eagle Warrior
44:43 Holcans
44:32 Scale Mail Armor
44:53 Leather Archer Armor
44:48 Forging
44:58 Capped Ram
49:30 Siege Ram
51:19 Pikeman
motivationman23
10:40 Feudal Age
15:30 Castle Age
13:49 Horse Collar
14:00 Double-Bit Axe
15:09 Horse Collar
21:22 Wheelbarrow
23:32 Forging
24:49 Iron Casting
26:45 Hand Cart
30:16 Imperial Age
28:30 Gold Mining
30:25 Onager
31:55 Conscription
31:47 Counterweights
32:24 Bow Saw
32:17 Heavy Plow
32:28 Stone Mining
32:51 Loom
32:54 Town Watch
35:17 Chemistry
34:23 Siege Engineers
37:29 Caravan
38:54 Fletching
39:05 Padded Archer Armor
40:08 Ballistics
40:25 Siege Onager
41:30 Elite Mameluke
41:52 Elite Skirmisher
42:40 Thumb Ring
42:33 Bodkin Arrow
43:47 Bracer
44:02 Leather Archer Armor
44:24 Fortified Wall
44:26 Masonry
44:13 Murder Holes
44:12 Siege Onager
47:19 Bimaristan
51:01 Light Cavalry
51:42 Husbandry
52:12 Hussar
pimentbd
11:07 Feudal Age
12:17 Double-Bit Axe
14:55 Castle Age
15:13 Horse Collar
16:07 Bow Saw
20:25 Heavy Plow
21:46 Stone Mining
24:26 Wheelbarrow
23:36 Loom
23:37 Town Watch
25:39 Gold Mining
26:30 Hand Cart
28:58 Imperial Age
26:48 Fletching
26:58 Padded Archer Armor
27:21 Ballistics
28:12 Bodkin Arrow
28:33 Leather Archer Armor
28:32 Masonry
29:12 Yeomen
29:05 Elite Longbowman
30:23 Conscription
30:06 Bracer
30:42 Ring Archer Armor
31:23 Guilds
32:23 Chemistry
31:53 Architecture
32:43 Two-Man Saw
32:25 Forging
33:06 Capped Ram
35:31 Warwolf
37:29 Hoardings
40:08 Siege Engineers
41:29 Onager
42:30 Fortified Wall
42:18 Murder Holes
48:25 Scale Barding Armor
48:31 Forging
48:31 Light Cavalry
49:11 Husbandry
50:50 Chain Barding Armor
51:06 Iron Casting
Connection lost

Rejoining the realm…

Still unreachable

The connection could not be restored.

Session expired

The server has moved on; the page needs a fresh start.